AoeStats
← SVEDESE

Black Forest

504509181Analyzed
3v3 RM · 27d ago on Sep 5, 2026· 44m 30s· 6 players
Game mode
Random Map
Map size
Normal (6 player)
Population
200
Speed
Normal
Resources
Standard
Victory
Conquest
Starting age
Dark Age
Ending age
Imperial Age
RankedLock teamsTeams togetherTeam positionsShared explorationLock speedFull tech treeHidden civsTurbo modeCheats
Victory
Defeat
🇨🇳 Teutons · China
490
+19
🇧🇷 Turks · Brazil
480
+20
🇬🇧 Inca · United Kingdom
427
+21
🇺🇸 Vikings · United States
579
-21
🇱🇺 Portuguese · Luxembourg
554
-20
🇮🇹 Turks · Italy
536
-19
Leggy Mountbatten
0:30 Loom
15:05 Feudal Age
15:32 Double-Bit Axe
15:28 Horse Collar
15:42 Gold Mining
15:43 Stone Mining
15:46 Arson
17:40 Champi Runner
23:36 Castle Age
21:40 Padded Archer Armor
21:31 Fletching
24:41 Bow Saw
24:54 Scale Mail Armor
26:07 Heavy Plow
27:29 Leather Archer Armor
29:25 Gold Shaft Mining
30:35 Stone Shaft Mining
30:31 Squires
31:25 Caravan
33:55 Forging
35:47 Pikeman
40:12 Imperial Age
38:37 Chain Mail Armor
38:19 Guard Tower
38:53 Ballistics
39:20 Bodkin Arrow
40:02 Iron Casting
39:32 Murder Holes
39:30 Town Watch
39:16 Elite Skirmisher
40:33 Heated Shot
40:54 Fortified Wall
40:47 Devotion
40:58 Redemption
41:10 Sanctity
40:46 Herbal Medicine
40:32 Crossbowman
40:55 Halberdier
40:58 Champi Warrior
42:38 Ring Archer Armor
43:23 Keep
43:08 Town Patrol
43:50 Wheelbarrow
44:40 Blast Furnace
44:03 Andean Sling
45:32 Chemistry
44:33 Arrowslits
ManilaTen142289
13:17 Feudal Age
13:55 Double-Bit Axe
18:38 Horse Collar
20:04 Gold Mining
20:07 Stone Mining
26:06 Castle Age
28:22 Bow Saw
28:18 Heavy Plow
28:44 Caravan
32:02 Gold Shaft Mining
32:07 Coinage
33:02 Wheelbarrow
34:59 Imperial Age
37:09 Ballistics
36:46 Murder Holes
39:23 Artillery
41:13 Two-Man Saw
41:39 Man-at-Arms
42:20 Squires
42:26 Husbandry
42:37 Bloodlines
44:05 Conscription
43:11 Elite Janissary
mlt
11:17 Feudal Age
15:35 Castle Age
14:10 Double-Bit Axe
14:21 Horse Collar
17:30 Bow Saw
24:29 Gold Mining
24:29 Stone Mining
24:28 Loom
25:24 Wheelbarrow
26:41 Stone Shaft Mining
28:05 Hand Cart
27:52 Heavy Plow
28:09 Caravan
32:54 Imperial Age
31:04 Ballistics
30:55 Masonry
30:59 Scale Barding Armor
31:04 Forging
30:45 Fletching
31:04 Gambesons
31:19 Squires
31:04 Arson
32:38 Bloodlines
33:07 Chain Barding Armor
33:23 Iron Casting
33:09 Cavalier
34:46 Plate Barding Armor
34:25 Guilds
34:59 Crenellations
35:14 Hoardings
35:00 Conscription
36:33 Chemistry
35:38 Siege Engineers
34:57 Paladin
38:48 Blast Furnace
37:44 Bodkin Arrow
37:50 Scale Mail Armor
37:51 Padded Archer Armor
38:27 Crop Rotation
39:03 Two-Man Saw
37:51 Town Watch
41:55 Chain Mail Armor
41:56 Leather Archer Armor
42:05 Ironclad
gatormill
10:58 Feudal Age
11:32 Double-Bit Axe
23:47 Castle Age
21:44 Horse Collar
22:28 Gold Mining
22:47 Stone Mining
25:08 Gold Shaft Mining
25:20 Heavy Plow
25:32 Bow Saw
31:22 Chieftains
36:07 Imperial Age
36:18 Elite Berserk
42:09 Heavy Scorpion
El Gringo (6ty9ne)
12:20 Feudal Age
12:49 Double-Bit Axe
13:31 Horse Collar
14:46 Gold Mining
24:03 Castle Age
22:57 Stone Mining
27:18 Wheelbarrow
28:57 Bow Saw
28:51 Heavy Plow
30:27 Hand Cart
30:18 Scale Mail Armor
30:23 Scale Barding Armor
30:29 Forging
30:10 Fletching
30:20 Padded Archer Armor
34:16 Caravan
34:45 Pikeman
36:05 Iron Casting
35:45 Chain Mail Armor
35:51 Chain Barding Armor
35:46 Leather Archer Armor
35:27 Bodkin Arrow
35:19 Treadmill Crane
35:49 Fortified Wall
35:50 Masonry
36:01 Ballistics
38:06 Stone Shaft Mining
38:28 Murder Holes
42:32 Imperial Age
43:51 Conscription
44:25 Crop Rotation
SVEDESE
9:35 Feudal Age
10:08 Double-Bit Axe
10:18 Gold Mining
16:33 Wheelbarrow
19:20 Stone Mining
23:40 Castle Age
25:01 Bow Saw
28:04 Sipahi
27:43 Fletching
27:54 Padded Archer Armor
28:38 Ballistics
28:13 Horse Collar
30:54 Leather Archer Armor
32:49 Heavy Plow
37:33 Imperial Age
35:06 Bodkin Arrow
34:40 Man-at-Arms
36:12 Forging
36:04 Scale Mail Armor
38:25 Bracer
39:23 Squires
Connection lost

Rejoining the realm…

Still unreachable

The connection could not be restored.

Session expired

The server has moved on; the page needs a fresh start.